 Dungeon Crawl Stone Soup version 0.31-a0-217-g58bb5d79cf (webtiles) character file.

Game seed: 1483774795534484367

169 qw the Chopper (level 5, -9/32 HPs)
             Began as a Gargoyle Fighter on July 2, 2023.
             Killed by divine providence
             ... invoked by an orc priest
              (10 damage)
             ... on level 3 of the Dungeon.
             The game lasted 00:01:08 (2442 turns).

qw the Chopper (Gargoyle Fighter)                   Turns: 2442, Time: 00:01:08

Health: -9/32      AC: 13    Str: 21    XL:     5   Next: 50%
Magic:  5/5        EV:  7    Int:  9    God:
Gold:   18         SH:  4    Dex:  9    Spells: 4/4 levels left

rFire   . . .        Y - +3 broad axe (heavy)
rCold   . . .        c - +0 buckler
rNeg    + . .        j - +0 chain mail
rPois   inf          (no helmet)
rElec   +            (no cloak)
rCorr   .            (no gloves)
SInv    .            (no boots)
Will    .....        (no amulet) Stlth
                     (no ring)
HPRegen 0.25/turn    (no ring)
MPRegen 0.09/turn

%: no passive effects
@: no status effects
A: sickness immunity, AC +4, negative energy resistance 1, electricity
resistance, torment resistance 1, petrification resistance
a: no special abilities


You were on level 3 of the Dungeon.
You visited 1 branch of the dungeon, and saw 3 of its levels.

You collected 108 gold pieces.
You spent 90 gold pieces at shops.


Innate Abilities, Weirdness & Mutations

You are immune to sickness and miasma.
Your stone body is resilient. (AC +4)
You are immune to poison.
You resist negative energy. (rN+)
You are resistant to electric shocks. (rElec)
You are resistant to unholy torment.
You are immune to petrification.


   Skills:
 - Level 3.2 Fighting
 + Level 4.7 Axes
 - Level 1.3 Throwing
 - Level 3.2 Armour
 - Level 3.2 Shields


You had 4 spell levels left.
You didn't know any spells.
Your spell library was empty.

Inventory:

Hand Weapons
 a - a +0 mace
 Y - a +3 heavy broad axe (weapon)
Armour
 c - a +0 buckler (worn)
 g - a +0 pair of gloves
 j - a +0 chain mail (worn)
Jewellery
 e - a ring of flight
 i - a ring of fire
Scrolls
 h - a scroll of identify
 o - a scroll of brand weapon {unknown}
Potions
 b - a potion of invisibility {unknown}
 d - a potion of might
 f - 2 potions of heal wounds {unknown}
 l - 2 potions of magic
 m - a potion of degeneration {unknown}
 n - a potion of berserk rage {unknown}

Dungeon Overview and Level Annotations

Branches:
Dungeon (3/15)

Altars:
Gozag
Sif Muna
Vehumet

Shops:
D:3 ?


Message History

You slice the orc!!
You kill the orc!
The orc priest begins to cast a cantrip, but forgets the words!
The orc priest hits you but does no damage.
Things that are here:
a +0 short sword; a +0 ring mail You hit the orc priest.
The orc priest is lightly wounded.
The orc priest hits you but does no damage.
The orc hits you but does no damage.
The orc priest hits you but does no damage.
You closely miss the orc priest.
The orc priest is lightly wounded.
You barely miss the orc. The orc hits you but does no damage.
You block the orc priest's attack. The orc hits you but does no damage.
The orc priest invokes the aid of Beogh against you.
Beogh smites you!
You closely miss the orc priest.
The orc priest is lightly wounded.
You slash the orc!
You kill the orc!
You block the orc priest's attack.
The orc priest hits you but does no damage.
You closely miss the orc priest.
The orc priest is lightly wounded.
The orc priest barely misses you.
The orc priest mumbles some strange prayers to Beogh against you.
Beogh smites you!
You hit the orc priest.
The orc priest is moderately wounded.
The orc priest calls down the wrath of Beogh upon you.
Beogh smites you!
The orc priest hits you but does no damage.
You closely miss the orc priest.
The orc priest is moderately wounded.
The orc priest hits you but does no damage.
The orc priest invokes the aid of Beogh against you.
Beogh smites you!
You die...

# # ## # .ยค ..# # ~.
#.# # .# ##.# .
.###..#######
.(>........#
##.##o......#
###########..##)@.$(..#
...............)%..(..#
########....##.......:#
# ##..#####........#
### #..## #...#######
..## #.#####...##
#..###.........#
##..##.........#
###...........##


You could see an orc priest.

Vanquished Creatures
  A hound (D:3)
  An orc wizard (D:3)
  5 adders
  2 dart slugs
  7 orcs
  6 endoplasms
  2 giant cockroaches (D:1)
  4 hobgoblins
  2 quokkas
  2 ball pythons (D:2)
  8 bats
  4 frilled lizards
  4 goblins
  4 kobolds
  7 rats
59 creatures vanquished.

Notes
Turn   | Place    | Note
-------+----------+-------------------------------------------
     0 | D:1      | qw the Gargoyle Fighter began the quest for the Orb.
     0 | D:1      | Reached XP level 1. HP: 14/14 MP: 1/1
     0 | D:1      | 0 ||| qw: Version: 0.3-a-40-ge99b1a8
     0 | D:1      | 0 ||| qw: Game counter: 8035
     0 | D:1      | 0 ||| qw: Melee chars always use a shield: true
     0 | D:1      | 0 ||| qw: God list: Okawaru
     0 | D:1      | 0 ||| qw: Allow faded altars: false
     0 | D:1      | 0 ||| qw: Do Orc after clearing Dungeon:15 true
     0 | D:1      | 0 ||| qw: Do second Lair branch before Depths: true
     0 | D:1      | 0 ||| qw: Lair rune preference: random
     0 | D:1      | 0 ||| qw: Goals: Normal, Zot:1-4, Slime:5, God:TSO, Crypt,
                  | Tomb, Abyss, Pan, Hells, Win
     0 | D:1      | 0 ||| PLANNING D:1-11
    86 | D:1      | Reached skill level 2 in Axes
   221 | D:1      | 221 ||| Stepping ~*~*~tactically~*~*~ (stealth).
   333 | D:1      | Reached XP level 2. HP: 19/19 MP: 2/2
   509 | D:1      | Found a faded altar of an unknown god.
   705 | D:1      | 705 ||| Stepping ~*~*~tactically~*~*~ (hiding).
   708 | D:1      | Reached skill level 3 in Axes
   849 | D:1      | Reached XP level 3. HP: 23/23 MP: 3/3
  1103 | D:1      | 1103 ||| UPGRADING to +0 chain mail.
  1113 | D:1      | 1113 ||| DROPPING +0 scale mail.
  1114 | D:1      | 1114 ||| READING scroll labelled YPNEXA WYDIAL.
  1115 | D:1      | 1115 ||| READING scroll labelled UBBIHA VAOHYZ.
  1116 | D:1      | 1116 ||| READING scroll labelled SEYRATITZAZ.
  1117 | D:1      | 1117 ||| DRINKING 3 viscous amethyst potions.
  1204 | D:2      | 1204 ||| DROPPING +0 whip.
  1260 | D:2      | Found an opulent altar of Gozag.
  1797 | D:2      | 1797 ||| READING 2 scrolls labelled CEOPTO TEOT.
  1798 | D:2      | 1798 ||| READING scroll labelled JUDUEC QAAC.
  1803 | D:2      | 1803 ||| READING scroll labelled QASSEA TIETE.
  1803 | D:2      | Identified a scroll of acquirement
  1803 | D:2      | 1803 ||| ACQUIRING +2 heavy broad axe
  1803 | D:2      | Acquired a +2 heavy broad axe
  1805 | D:2      | 1805 ||| SWAPPING to +2 heavy broad axe.
  1806 | D:2      | 1806 ||| DROPPING +0 war axe.
  1807 | D:2      | 1807 ||| READING 2 scrolls labelled UHOUH OMOYNUIW.
  1808 | D:2      | 1808 ||| DROPPING scroll of vulnerability.
  1809 | D:2      | 1809 ||| DROPPING scroll of blinking.
  1847 | D:3      | Found a radiant altar of Vehumet.
  1909 | D:3      | Reached XP level 4. HP: 28/28 MP: 4/4
  1937 | D:3      | 1937 ||| Stepping ~*~*~tactically~*~*~ (hiding).
  1939 | D:3      | 1939 ||| Stepping ~*~*~tactically~*~*~ (hiding).
  2073 | D:3      | Reached skill level 4 in Axes
  2168 | D:3      | Reached skill level 1 in Throwing
  2168 | D:3      | 2168 ||| Stepping ~*~*~tactically~*~*~ (stealth).
  2204 | D:3      | 2204 ||| Stepping ~*~*~tactically~*~*~ (stealth).
  2208 | D:3      | Reached XP level 5. HP: 32/32 MP: 5/5
  2209 | D:3      | 2209 ||| Stepping ~*~*~tactically~*~*~ (hiding).
  2210 | D:3      | 2210 ||| Stepping ~*~*~tactically~*~*~ (hiding).
  2211 | D:3      | 2211 ||| Stepping ~*~*~tactically~*~*~ (hiding).
  2323 | D:3      | Found Beigryno's Magic Scroll Shoppe.
  2329 | D:3      | Found a shimmering blue altar of Sif Muna.
  2335 | D:3      | 2335 ||| BUYING scroll of enchant weapon (90 gold).
  2335 | D:3      | Bought a scroll of enchant weapon for 90 gold pieces
  2335 | D:3      | 2335 ||| SHOPLISTING scroll of identify (24 gold, have 13).
  2335 | D:3      | 2335 ||| READING scroll of enchant weapon.
  2335 | D:3      | 2335 ||| ENCHANTING +2 heavy broad axe.
  2419 | D:3      | 2419 ||| Stepping ~*~*~tactically~*~*~ (stealth).
  2429 | D:3      | 2429 ||| Stepping ~*~*~tactically~*~*~ (stealth).
  2434 | D:3      | 2434 ||| Stepping ~*~*~tactically~*~*~ (stealth).
  2441 | D:3      | HP: 1/32 [orc priest/divine providence (11)]
  2442 | D:3      | Killed from afar by an orc priest

Levels and vault maps discovered:
D:1:      dpeg_arrival_long_road, layout_loops_corners,
          shapermc_ecumenical_altar_mp_ritualfount
D:2:      layout_loops_cross, basic_altar
D:3:      layout_rooms, nicolae_vehumet_radiance, mainiacjoe_overflow_paths,
          nicolae_sif_muna_condensation, serial_shops,
          nicolae_shop_tiny_statue_garden

Skill      XL: |  1  2  3  4 |
---------------+-------------+-----
Axes           | 2 3 4 |  4.7
Throwing       | 1 |  1.3
Fighting       | |  3.2
Armour         | |  3.2
Shields        | |  3.2

Action                     |  1- 3 |  4- 6 || total
---------------------------+-------+-------++-------
  Melee: War axe           |   112 |       ||   112
         Broad axe         |    12 |    22 ||    34
  Throw: Javelin           |       |    11 ||    11
    Use: Scroll            |     7 |     1 ||     8
         Potion            |     1 |       ||     1
 Armour: Scale mail        |    32 |       ||    32
         Chain mail        |    27 |    28 ||    55
  Dodge: Dodged            |    46 |     7 ||    53
  Block: Buckler           |    20 |     3 ||    23

Table legend:
 A = Non-vault XP
 B = Vault XP
 C = Vault XP percentage of total XP
 D = Non-vault monster count
 E = Vault monster count
 F = Vault count percentage of total count
                 A         B        C        D         E       F
            +---------+---------+-------+---------+---------+-------
      Total |     242 |       0 |   0.0 |      59 |       0 |   0.0
            +---------+---------+-------+---------+---------+-------
        D:1 |      38 |       0 |   0.0 |      22 |       0 |   0.0
        D:2 |      34 |       0 |   0.0 |      14 |       0 |   0.0
        D:3 |     170 |       0 |   0.0 |      23 |       0 |   0.0
            +---------+---------+-------+---------+---------+-------
